 Dungeon Crawl Stone Soup version 0.27-a0-1301-g128193abf8 (webtiles) character file.

Game seed: 1986110355181721084

554 freelancePsychic the Skirmisher (level 7, 0/84 HPs)
             Began as a Demonspawn Arcane Marksman on June 17, 2021.
             Was an Initiate of Makhleb.
             Slain by an iguana (7 damage)
             ... on level 6 of the Dungeon.
             The game lasted 00:09:02 (6612 turns).

freelancePsychic the Skirmisher (DsAM)              Turns: 6612, Time: 00:09:03

Health: 0/84       AC: 23    Str: 13    XL:     7   Next: 8%
Magic:  9/9        EV:  2    Int: 14    God:    Makhleb [......]
Gold:   83         SH:  0    Dex: 13    Spells: 8/8 levels left

rFire    . . .     SeeInvis .   b - +1 spear
rCold    . . .     Faith    +   (no shield)
rNeg     + + +     Spirit   .   (armour currently unavailable)
rPois    +         Reflect  .   (helmet currently unavailable)
rElec    .         Harm     .   (cloak currently unavailable)
rCorr    .         Rampage  .   (gloves currently unavailable)
Will     .....     NoTele   +   (boots currently unavailable)
Stlth    +.........             g - amulet of faith
HPRegen  0.24/turn              (no ring)
MPRegen  0.11/turn              (no ring)

@: tree-form
A: stationary, stasis, torment immunity, boosted hp, (hooves 2), (large bone
plates 2), foul stench 1, powered by death 1
a: Renounce Religion


You were on level 6 of the Dungeon.
You worshipped Makhleb.
Makhleb was noncommittal.
You were a tree.
You visited 1 branch of the dungeon, and saw 6 of its levels.

You collected 236 gold pieces.
You spent 153 gold pieces at shops.

Inventory:

Hand Weapons
 a - a +0 shortbow
 b - a +1 spear (weapon)
Missiles
 c - 75 arrows
Armour
 d - a +0 robe
 k - the +1 scale mail of Tomorrow (melded) {rN+ Will+ Int+2}
   (You bought it in a shop on level 3 of the Dungeon)

   It affects your intelligence (+2).
   It protects you from negative energy.
   It increases your willpower.
Jewellery
 g - an amulet of faith (around neck)
Wands
 m - a wand of polymorph (7)
Scrolls
 h - a scroll of vulnerability
 l - a scroll of identify {@r1}
 n - a scroll of amnesia
Potions
 e - a potion of berserk rage {unknown}
 f - a potion of flight {unknown}
 i - 3 potions of attraction {unknown}


   Skills:
 + Level 5.2 Fighting
 * Level 4.1 Polearms
 - Level 1.7 Bows
 - Level 1.7 Dodging
 - Level 1.0 Spellcasting
 - Level 3.0 Hexes
 + Level 2.9 Invocations


You had 8 spell levels left.
You didn't know any spells.
Your spell library contained the following spells:

 Spells                   Type           Power      Damage    Failure   Level
 Corona                   Hex            10%        N/A       8%          1
 Slow                     Hex            9%         N/A       12%         2
 Magic Dart               Conj           0%         1d3       26%         1
 Shock                    Conj/Air       0%         1d3       26%         1
 Searing Ray              Conj           0%         3d3       36%         2
 Static Discharge         Conj/Air       0%         N/A       36%         2
 Dazzling Flash           Conj/Hex       8%         N/A       38%         3
 Inner Flame              Hex/Fire       4%         N/A       38%         3
 Portal Projectile        Hex/Tloc       8%         N/A       38%         3
 Cause Fear               Hex            4%         N/A       58%         4
 Swiftness                Air            0%         N/A       61%         3
 Fulminant Prism          Conj/Hex       2%         3d6       80%         4
 Leda's Liquefaction      Hex/Erth       2%         N/A       80%         4
 Airstrike                Air            0%         N/A       95%         4
 Iskenderun's Mystic Bla  Conj/Tloc      0%         2d3       95%         4
 Lightning Bolt           Conj/Air       0%         1d11      100%        5


Dungeon Overview and Level Annotations

Branches:
Dungeon (6/15)
 Temple: D:4-7

Altars:
Makhleb

Shops:
D:3 [[[   D:4 :


Innate Abilities, Weirdness & Mutations

You are a tree.
Your roots penetrate the ground, keeping you stationary.
You cannot be teleported.
You are immune to unholy pain and torment.
Your maximum health is greatly increased.
Your equipment is partially melded.
((You have hoof-like feet.))
((You are mostly covered in large bone plates. (SH +6)))
You may rarely emit foul miasma when damaged in melee.
You regenerate a little health from kills.


Message History

The adder is severely wounded.
The adder closely misses you.
Reach: b) +1 spear
Press: ? - help, Dir - move target, f/p - adder
Aim: an adder (severely wounded, about 50% to evade your +1 spear)
You completely miss the adder.
The adder is severely wounded.
The adder bites you.
* * * LOW HITPOINT WARNING * * *
Reach: b) +1 spear
Press: ? - help, Dir - move target, f/p - adder
Aim: an adder (severely wounded, about 50% to evade your +1 spear)
Okay, then.
Okay, then.
Really quaff the potion of lignification?
You turn into a tree.
The +1 scale mail of Tomorrow {rN+ Will+ Int+2} melds into your body.
Your roots penetrate the ground.
The adder bites you but does no damage. The iguana bites you.
* * * LOW HITPOINT WARNING * * *
The adder bites you.
* * * LOW HITPOINT WARNING * * *
You closely miss the adder.
The adder is severely wounded.
The iguana bites you but does no damage.
The adder bites you but does no damage.
You barely miss the adder.
The adder is severely wounded.
The adder bites you but does no damage.
The iguana bites you but does no damage.
You hit the adder.
You kill the adder!
Makhleb accepts your kill.
The iguana bites you but does no damage.
You barely miss the iguana. The iguana bites you!
* * * LOW HITPOINT WARNING * * *
You emit a cloud of foul miasma!
You barely miss the iguana.
The iguana is engulfed in dark miasma.
The iguana is poisoned.
The iguana bites you!
You die...

..##.####
.#.....#
......# #.....#
##.....## #
#.......##..#
##............
#.....♣†>...#
........l......
...............
....####.......
... ....... >.
....... .
....... .......


You could see an iguana (poisoned).

Vanquished Creatures
  An ogre (D:4)
  A phantom (D:4)
  A scorpion (D:4)
  A bullfrog zombie (D:5)
  2 jellies
  An iguana (D:4)
  An orc wizard (D:4)
  A gnoll (D:1)
  10 adders
  4 dart slugs
  14 orcs
  5 endoplasms
  A giant cockroach (D:3)
  7 goblins
  10 hobgoblins
  2 quokkas
  7 ball pythons
  4 bats
  A frilled lizard (D:1)
  2 kobolds
  5 rats (D:3)
81 creatures vanquished.

Notes
Turn   | Place    | Note
-------+----------+-------------------------------------------
     0 | D:1      | freelancePsychic the Demonspawn Arcane Marksman began the
                  | quest for the Orb.
     0 | D:1      | Reached XP level 1. HP: 15/15 MP: 2/2
    24 | D:1      | Reached skill level 2 in Fighting
    24 | D:1      | Gained mutation: You may rarely emit foul miasma when
                  | damaged in melee. [demonic ancestry]
    24 | D:1      | Reached XP level 2. HP: 22/22 MP: 3/3
  1021 | D:1      | Reached skill level 3 in Fighting
  1150 | D:2      | Gained mutation: You are partially covered in large bone
                  | plates. (SH +4) [demonic ancestry]
  1150 | D:2      | Reached XP level 3. HP: 26/29 MP: 4/4
  1346 | D:1      | HP: 1/29 [poisoned by an adder]
  2039 | D:2      | You fall into a shaft and drop 1 floor!
  2312 | D:2      | Found a faded altar of an unknown god.
  2618 | D:3      | Reached skill level 4 in Fighting
  2618 | D:3      | Gained mutation: You have large cloven feet. [demonic
                  | ancestry]
  2618 | D:3      | Reached XP level 4. HP: 18/37 MP: 5/5
  3130 | D:3      | Found Dototez's Antique Armour Boutique.
  3137 | D:3      | Reached skill level 1 in Polearms
  3324 | D:3      | Found Vaojoam's Armour Shop.
  3383 | D:3      | Found Jotoros's Antique Armour Boutique.
  3651 | D:4      | Gained mutation: You regenerate a little health from kills.
                  | [demonic ancestry]
  3651 | D:4      | Reached XP level 5. HP: 23/42 MP: 6/6
  4196 | D:4      | Found Itziev's Book Shop.
  4205 | D:4      | Found a burning altar of Makhleb.
  4205 | D:4      | Noticed a cacodemon
  4208 | D:4      | Noticed a ynoxinul
  4208 | D:4      | Noticed a smoke demon
  4210 | D:4      | Became a worshipper of Makhleb the Destroyer
  4344 | D:4      | Noticed an ogre
  4423 | D:3      | Bought a transparent scale mail for 153 gold pieces
  4423 | D:3      | Identified the +1 scale mail of Tomorrow {rN+ Will+ Int+2}
                  | (You bought it in a shop on level 3 of the Dungeon)
  4485 | D:4      | Killed an ogre
  4486 | D:4      | Reached skill level 1 in Invocations
  4486 | D:4      | Gained mutation: You are mostly covered in large bone
                  | plates. (SH +6) [demonic ancestry]
  4486 | D:4      | Reached XP level 6. HP: 50/50 MP: 7/7
  4628 | D:4      | Reached skill level 5 in Fighting
  5403 | D:5      | Entered Level 5 of the Dungeon
  6513 | D:5      | Gained mutation: You have hoof-like feet. [demonic
                  | ancestry]
  6513 | D:5      | Reached XP level 7. HP: 45/56 MP: 9/9
  6612 | D:6      | Slain by an iguana

Illustrated notes

Levels and vault maps discovered:
D:1:      grunt_arrival_crossed_arrows, layout_loops_cross
D:2:      layout_rooms, shapermc_ecumenical_altar_notcrosses
D:3:      layout_rooms, serial_shops, shop_fountains, shop,
          nicolae_shop_behind_doors
D:4:      layout_basic, makhleb_altar_promises_db, serial_shops, shop
D:5:      layout_cave_pools, uniq_eustachio
D:6:      layout_rooms, uniq_menkaure, uniq_pikel, uniq_edmund

Skill      XL: |  1  2  3  4  5  6 |
---------------+-------------------+-----
Fighting       | 2 3 4 5 |  5.2
Polearms       | 1 3 4 |  4.1
Invocations    | 1 2 |  2.9
Bows           | |  1.7
Dodging        | |  1.7
Spellcasting   | |  1.0
Hexes          | |  3.0

Action                   |  1- 3 |  4- 6 |  7- 9 || total
-------------------------+-------+-------+-------++-------
Melee: Spear             |    90 |   221 |    18 ||   329
       Kick              |       |    36 |     2 ||    38
 Fire: Shortbow          |    19 |    34 |       ||    53
Throw: Throwing net      |       |     1 |       ||     1
  Use: Scroll            |     5 |     2 |       ||     7
       Potion            |       |     4 |     1 ||     5
 Stab: Sleeping          |     2 |     3 |       ||     5
Armor: Robe              |    12 |    14 |       ||    26
       Skin              |       |     6 |     6 ||    12
       Scale mail        |       |    23 |     3 ||    26
Dodge: Dodged            |    55 |    73 |     2 ||   130
Block: Other             |     7 |    34 |     3 ||    44

Table legend: (Time is in decaauts)
 A = Elapsed time spent in this place.
 B = Non-inter-level travel time spent in this place.
 C = Inter-level travel time spent in this place.
 D = Time resting spent in this place.
 E = Time spent auto-exploring this place.
 F = Levels seen in this place.
 G = Mean time per level.
                   A        B        C        D        E       F      G
               +--------+--------+--------+--------+--------+-----+--------+
         Total |   6635 |   6372 |    263 |   2032 |   3443 |   6 | 1105.8 |
       Dungeon |   6635 |   6372 |    263 |   2032 |   3443 |   6 | 1105.8 |
               +--------+--------+--------+--------+--------+-----+--------+

Top non-repeatable levels by time:
     D:4: 2717 daAuts
     D:1: 1736 daAuts
     D:2: 997 daAuts
     D:3: 884 daAuts
     D:5: 289 daAuts
     D:6: 9 daAuts
